 Dungeon Crawl Stone Soup version 0.28.0 (webtiles) character file.

Game seed: 1231742776349437617

452 willcat the Insei (level 7, -1/52 HPs)
             Began as a Human Transmuter on Feb 12, 2022.
             Slain by a killer bee (4 damage)
             ... on level 4 of the Dungeon.
             The game lasted 00:04:59 (5358 turns).

willcat the Insei (Human Transmuter)                Turns: 5358, Time: 00:04:59

Health: -1/52      AC: 10    Str: 13    XL:     7   Next: 25%
Magic:  10/10      EV:  5    Int: 13    God:
Gold:   123        SH: 10    Dex: 13    Spells: 9/10 levels left

rFire   . . .      SeeInvis .     - Unarmed
rCold   . . .      Faith    .   e - +0 tower shield
rNeg    . . .      Spirit   .   c - +0 scale mail
rPois   .          Reflect  .   (no helmet)
rElec   .          Harm     .   (no cloak)
rCorr   .          Rampage  .   a - +1 pair of gloves
Will    .....                   d - +0 pair of boots
Stlth   ..........              (no amulet)
HPRegen 0.17/turn               (no ring)
MPRegen 0.12/turn               (no ring)

@: no status effects
A: no striking features
a: no special abilities


You were on level 4 of the Dungeon.
You visited 1 branch of the dungeon, and saw 4 of its levels.

You collected 123 gold pieces.

Inventory:

Missiles
 b - 2 throwing nets
Armour
 a - a +1 pair of gloves (worn)
 c - a +0 scale mail (worn)
 d - a +0 pair of boots (worn)
 e - a +0 tower shield (worn)
Potions
 g - a potion of lignification


   Skills:
 - Level 3.3 Fighting
 + Level 3.1 Armour
 + Level 3.8 Dodging
 + Level 0.0 Shields
 + Level 4.4 Unarmed Combat
 - Level 2.3 Spellcasting
 - Level 2.4 Transmutations


You had 9 spell levels left.
You knew the following spells:

 Your Spells              Type           Power      Damage    Failure   Level
a - Beastly Appendage     Tmut           14%        N/A       100%        1

Your spell library contained the following spells:

 Spells                   Type           Power      Damage    Failure   Level
 Wereblood                Tmut           7%         N/A       100%        2
 Spider Form              Tmut/Pois      4%         N/A       100%        3
 Ice Form                 Ice/Tmut       4%         N/A       100%        4
 Chain Lightning          Conj/Air       0%         2d1       100%        9
 Fire Storm               Conj/Fire      0%         6d1       100%        9
 Shatter                  Erth           0%         3d5*      100%        9


Dungeon Overview and Level Annotations

Branches:
Dungeon (4/15)
 Temple: D:4-7

Altars:
Vehumet

Shops:
D:2 *

Annotations:
D:2 1 runed translucent door, Crazy Yiuf


Message History

As you read the scroll labelled CEBRUC PEAR, it crumbles to dust.
It is a scroll of enchant armour.
Your +0 pair of gloves glows green for a moment.
You feel sick.
The killer bee stings you but does no damage. x2
You feel sick. The killer bee stings you.
You feel sick. You block the killer bee's attack.
You feel sick. The killer bee stings you.
You are more poisoned.
The killer bee poisons you!
You feel very sick.
The killer bee stings you but does no damage.
You block the killer bee's attack.
You feel sick.
You feel sick. The killer bee stings you.
* * * LOW HITPOINT WARNING * * *
The killer bee stings you but does no damage.
You feel sick.
The killer bee stings you but does no damage.
The killer bee stings you!
* * * LOW HITPOINT WARNING * * *
You feel sick.
You feel sick. The killer bee stings you.
* * * LOW HITPOINT WARNING * * *
There is an open door here.
Okay, then.
As you read the scroll labelled FAD IRCHULEI, it crumbles to dust.
It is a scroll of identify.
i - a scroll of blinking You feel sick.
You block the killer bee's attack.
The killer bee stings you but does no damage.
Unknown command.
Blink to where?
Press: ? - help, Dir - move target
As you read the scroll of blinking, it crumbles to dust.
You feel sick.
You are no longer poisoned.
There is a stone staircase leading down here.
The killer bee stings you.
You die...

#...##....##.......#
#####..################
##..##..### #.S..S..'.#
#.yy....#.# # ##.###..###
#..##y#######
#..........#.##############
#..........#..@..##...##..##
#+######'####.y.......#<...#
##...##y........#....#
#...............#...<#
+....##..####..###.###
##...##..####..###.#
.#######)..#........+
...........#........#
...........#........#


You could see 2 killer bees.

Vanquished Creatures
  Grinder (D:3)
  Jessica (D:3)
  Natasha (thrice) (D:3)
  4 adders
  5 gnolls
  4 worms
  2 dart slugs
  5 orcs (D:3)
  2 endoplasms (D:1)
  4 giant cockroaches
  7 goblins
  2 hobgoblins (D:1)
  4 jackals (D:2)
  A kobold (D:1)
  5 quokkas
  5 ball pythons
  6 bats
  A frilled lizard (D:2)
  6 rats
  A spectral hobgoblin (D:1)
69 creatures vanquished.

Vanquished Creatures (others)
  4 plants
4 creatures vanquished.

Grand Total: 73 creatures vanquished

Notes
Turn   | Place    | Note
-------+----------+-------------------------------------------
     0 | D:1      | willcat the Human Transmuter began the quest for the Orb.
     0 | D:1      | Reached XP level 1. HP: 15/15 MP: 3/3
   115 | D:1      | Reached XP level 2. HP: 13/21 MP: 5/5
   510 | D:1      | Reached XP level 3. HP: 25/26 MP: 6/6
   528 | D:1      | Reached skill level 1 in Armour
   926 | D:1      | Found a faded altar of an unknown god.
  1310 | D:2      | Identified the +0 robe of Dramatic Exits {Int+2}
  1325 | D:2      | Reached XP level 4. HP: 22/32 MP: 7/7
  1477 | D:2      | Found Lustam's General Store.
  2390 | D:2      | Found a runed translucent door.
  2391 | D:2      | Noticed Crazy Yiuf
  2957 | D:3      | Noticed Natasha
  2975 | D:3      | Killed Natasha
  2976 | D:3      | Reached XP level 5. HP: 9/38 MP: 8/8
  3262 | D:3      | Noticed Grinder
  3281 | D:3      | Killed Grinder
  3282 | D:3      | Reached skill level 4 in Unarmed Combat
  3282 | D:3      | Reached XP level 6. HP: 26/46 MP: 9/9
  3354 | D:3      | Noticed Natasha
  3365 | D:3      | Killed Natasha
  3472 | D:3      | Noticed Natasha
  4088 | D:3      | Reached XP level 7. HP: 18/52 MP: 10/10
  4224 | D:3      | Killed Natasha
  4531 | D:3      | Found a radiant altar of Vehumet.
  4535 | D:3      | Noticed Jessica
  4545 | D:3      | Killed Jessica
  5353 | D:4      | HP: 2/52 [poisoned by a killer bee]
  5358 | D:4      | Slain by a killer bee

Illustrated notes

Levels and vault maps discovered:
D:1:      mrwooster_arrival_statue_3, layout_basic,
          dreamdust_ecumenical_altar_drowned_temple, minmay_misc_feat_x
D:2:      layout_loops_ring, serial_shops, shop_statue, serial_forest,
          infiniplex_forest_clump_tiny, infiniplex_forest_clump_small,
          infiniplex_forest_straight_5, infiniplex_forest_join,
          infiniplex_forest_clump_small, minmay_tree_intersection,
          nicolae_wormholes, uniq_crazy_yiuf_cottage
D:3:      layout_loops_cross, mainiacjoe_overflow_concentric_impassable,
          chequers_avenue, chequers_serial_rivers_micro_b, wad_woods_river_04,
          chequers_garden, minivault_27, minmay_misc_feat_tower, minivault_27,
          uniq_grinder, uniq_jessica, uniq_natasha
D:4:      layout_gridville, lemuel_coloured_pillars_altar,
          minmay_temple_entry_butterflies, serial_shops, kennysheep_mini_moat,
          uniq_ijyb

Skill      XL: |  1  2  3  4  5  6  7 |
---------------+----------------------+-----
Armour         | 1 2 3 |  3.1
Fighting       | 2 3 |  3.3
Dodging        | 3 |  3.8
Unarmed Combat | 4 |  4.4
Spellcasting   | |  2.3
Transmutations | |  2.4

Action                   |  1- 3 |  4- 6 |  7- 9 || total
-------------------------+-------+-------+-------++-------
Melee: Unarmed           |   121 |   167 |    69 ||   357
       Punch             |     6 |     3 |     2 ||    11
       Kick              |       |     6 |     1 ||     7
       Headbutt          |       |     3 |     5 ||     8
 Cast: Beastly Appendage |       |     4 |     3 ||     7
  Use: Potion            |       |     4 |       ||     4
       Scroll            |       |       |     3 ||     3
Armor: Robe              |     2 |       |       ||     2
       Scale mail        |    49 |    54 |    37 ||   140
       Skin              |       |     1 |       ||     1
Dodge: Dodged            |    58 |    64 |    30 ||   152
Block: Tower shield      |       |       |    19 ||    19
